 Dungeon Crawl Stone Soup version 0.18-a0-97-g9c2abca (webtiles) character file.

5360 Duffy the Fighter (level 10, 82/82 HPs)
             Began as a Human Summoner on Nov 14, 2015.
             Was an Initiate of Sif Muna.
             Quit the game on level 9 of the Dungeon.
             The game lasted 00:30:47 (16271 turns).

Duffy the Fighter (Human Summoner)                 Turns: 16271, Time: 00:30:47

Health: 82/82      AC: 10    Str:  8    XL:     10   Next: 97%
Magic:  18/18      EV: 16    Int: 19    God:    Sif Muna [......]
Gold:   184        SH:  0    Dex: 14    Spells: 5 memorised, 4 levels left

rFire  . . .     SeeInvis .     s - +0 trident
rCold  . . .     Clarity  +     a - +0 robe
rNeg   . . .     SustAt   .     (no shield)
rPois  .         Gourm    .     S - +0 helmet
rElec  .         Spirit   .     D - +2 cloak
rCorr  .         Warding  .     n - +1 pair of gloves
rMut   .         Stasis   .     I - +1 pair of boots
MR     .....                    x - amulet of clarity
Stlth  ++........               (no ring)
                                (no ring)

@: not resistant to hostile enchantments, unstealthy
A: no striking features
a: Renounce Religion


You were on level 9 of the Dungeon.
You worshipped Sif Muna.
Sif Muna was noncommittal.
You were not hungry.

You visited 2 branches of the dungeon, and saw 10 of its levels.
You also visited: Sewer.

You collected 657 gold pieces.
You spent 473 gold pieces at shops.


   Skills:
 - Level 8.5 Fighting
 - Level 8.0 Dodging
 - Level 2.0 Stealth
 + Level 5.8 Spellcasting
 + Level 7.3 Summonings
 - Level 5.8 Ice Magic


You had 4 spell levels left.
You knew the following spells:

 Your Spells              Type           Power        Failure   Level  Hunger
g - Summon Guardian Gole  Hex/Summ       ###.....     10%         3    ##.....
i - Call Imp              Summ           ####....     1%          2    None
j - Summon Lightning Spi  Summ/Air       ###.....     28%         4    ####...
l - Summon Ice Beast      Ice/Summ       ####....     10%         4    ####...
n - Call Canine Familiar  Summ           ####....     1%          3    ##.....

Inventory:

Hand Weapons
 m - a +1 blowgun
 s - a +0 trident (weapon)
 N - a +0 lajatang
Missiles
 g - 432 stones
 o - 45 poisoned needles
 w - 5 javelins (quivered)
 y - 23 tomahawks
 O - a throwing net
Armour
 a - a +0 robe (worn)
 h - a +0 hat
 n - a +1 pair of gloves (worn)
 D - a +2 cloak (worn)
 I - a +1 pair of boots (worn)
 S - a +0 helmet (worn)
 T - a troll hide
Jewellery
 x - an amulet of clarity (around neck)
 B - an uncursed ring of sustain attributes {unknown}
 J - a cursed ring of loudness {unknown}
Wands
 v - a wand of fire (12)
 C - a wand of slowing (33)
 F - a wand of magic darts (31)
 K - a wand of fireball (8)
 R - a wand of magic darts (20)
 Z - a wand of disintegration (10)
Scrolls
 d - 3 scrolls of magic mapping
 e - 2 scrolls of amnesia
 f - 4 scrolls of teleportation
 i - 4 scrolls of remove curse
 j - 2 scrolls of fog
 k - 2 scrolls of enchant weapon
 p - 3 scrolls of fear
 u - a scroll of blinking
 M - a scroll of recharging
Potions
 l - 2 potions of curing
 q - 4 potions of heal wounds
 r - 3 potions of flight
 z - 2 potions of cure mutation
 A - 2 potions of magic
 L - a potion of resistance
 Q - a potion of agility
 U - a potion of brilliance {unknown}
 W - a potion of might {unknown}
 Y - a potion of ambrosia {unknown}
Books
 b - a book of Callings
 P - a book of Party Tricks
 V - a book of the Earth
Comestibles
 c - 11 bread rations
 t - 3 beef jerkies
 E - 5 chunks of flesh
 G - 2 meat rations
 H - 8 slices of pizza

Dungeon Overview and Level Annotations

Branches:
Dungeon (9/15)             Temple (1/1) D:7            Lair (0/8) D:9
    Orc: D:9-12

Altars:
Ashenzari
Cheibriados
Dithmenos
Elyvilon
Fedhas
Gozag
Kikubaaqudgha
Makhleb
Nemelex Xobeh
Okawaru
Qazlal
Ru
Sif Muna
Trog
Vehumet
Xom
Yredelemnul
Zin
The Shining One

Shops:
D:8 (   D:9 [*[:(


Message History

You finish putting on your +2 cloak.
Wear which item? (? for menu, Esc to quit)
You start putting on your armour.
You continue putting on your +1 pair of boots. x4
You finish putting on your +1 pair of boots.
There is an open door here.
Things that are here:
the +1 helmet of the Comet {-Cast rN+ Slay+3 Stlth+} a shiny ring mail; a runed ring mail Read which item? (? for menu, Esc to quit)
Okay, then.
You hit the plant but do no damage.
The plant is lightly damaged.
You see here a giant frog corpse.
You see here a troll hide.
T - a troll hide Read which item? (? for menu, Esc to quit)
Blink to where?
Press: ? - help, Dir - move target cursor, f - you Are you sure you want to cancel this blink?
Okay, then.
As you read the scroll labeled YWNIRH QIGE, it crumbles to dust.
It was a scroll of blinking.
Read which item? (? for menu, Esc to quit)
As you read the scroll labeled HADDESOWOUF, it crumbles to dust.
It is a scroll of recharging.
Charge which item? (? for menu, Esc to quit)
Your wand of fire glows for a moment.
Read which item? (? for menu, Esc to quit)
As you read the scroll labeled PORUSY IVVEMOM, it crumbles to dust.
You hear a loud clanging noise!
It was a scroll of noise.
Drink which item? (? for menu, Esc to quit)
Okay, then.
Are you sure you want to abandon this character and quit the game? (Confirm with "yes".)

####'#..........######## #....#..
.# #............#......###.......
.####.............P.P............
.##....).)........P∩..####.......
.....>...........†P..............
.##.############......###########
.##.# #......# .##.#
#########......# # ###.#
#........@.....# # #.#
#..............# # ###.#
#.......)######### # ....#
#........8..∩..8.######### #####
#........#######..........
#........# ##......... #
######........# #......... #
#........)....# #......... #
#......######## #.........


There were no monsters in sight!

Action                   |  1- 3 |  4- 6 |  7- 9 | 10-12 || total
-------------------------+-------+-------+-------+-------++-------
Melee: Trident           |       |    77 |   308 |   190 ||   575
Throw: Stone             |     3 |     1 |       |       ||     4
       Javelin           |    17 |    26 |     5 |     2 ||    50
       Tomahawk          |       |     1 |       |       ||     1
 Cast: Summon Small Mamm |    31 |       |       |       ||    31
       Call Imp          |    17 |    23 |    10 |       ||    50
       Call Canine Famil |       |    18 |    53 |    30 ||   101
       Summon Ice Beast  |       |     3 |    64 |    51 ||   118
       Summon Guardian G |       |     3 |       |       ||     3
  Use: Scroll            |       |     5 |     6 |     8 ||    19
       Potion            |       |       |       |     3 ||     3
 Stab: Sleeping          |       |     2 |     4 |       ||     6
       Distracted        |       |       |     4 |     2 ||     6
  Eat: Chunk             |     5 |    12 |    34 |    21 ||    72
       Beef jerky        |       |       |     2 |       ||     2
       Royal jelly       |       |       |       |     2 ||     2

Notes
Turn   | Place    | Note
--------------------------------------------------------------
     0 | D:1      | Duffy the Human Summoner began the quest for the Orb.
     0 | D:1      | Reached XP level 1. HP: 13/13 MP: 3/3
   824 | D:1      | Reached XP level 2. HP: 19/19 MP: 0/5
   828 | D:1      | Learned a level 2 spell: Call Imp
  1428 | D:2      | Found an iron altar of Okawaru.
  1437 | D:2      | Reached XP level 3. HP: 24/24 MP: 1/6
  1484 | D:2      | Learned a level 3 spell: Call Canine Familiar
  1852 | D:2      | Reached skill level 3 in Spellcasting
  2059 | D:2      | Reached XP level 4. HP: 30/30 MP: 8/8
  2292 | D:2      | Found a burning altar of Makhleb.
  2292 | D:2      | Noticed a green death
  2296 | D:2      | Noticed a ynoxinul
  2296 | D:2      | Noticed a hellwing
  2823 | D:3      | Reached skill level 5 in Summonings
  2894 | D:3      | Noticed an ogre
  3030 | D:3      | Killed an ogre
  3030 | D:3      | Reached XP level 5. HP: 35/35 MP: 1/10
  3127 | D:3      | Reached skill level 4 in Spellcasting
  3127 | D:3      | Reached XP level 6. HP: 30/41 MP: 4/12
  3308 | D:2      | Learned a level 4 spell: Summon Ice Beast
  3315 | D:2      | Learned a level 3 spell: Summon Guardian Golem
  4002 | D:3      | Noticed Jessica
  4008 | D:3      | Killed Jessica
  4145 | D:3      | Reached skill level 1 in Ice Magic
  4324 | D:3      | Noticed an orc warrior
  4343 | D:3      | Killed an orc warrior
  4701 | D:3      | Reached skill level 2 in Ice Magic
  4933 | D:4      | Reached XP level 7. HP: 37/46 MP: 3/13
  4963 | D:4      | Reached skill level 6 in Summonings
  5394 | D:4      | Found a snail-covered altar of Cheibriados.
  5706 | D:4      | Reached skill level 3 in Ice Magic
  5949 | D:5      | Entered Level 5 of the Dungeon
  5949 | D:5      | Found a shattered altar of Ashenzari.
  5989 | D:5      | Found a blossoming altar of Fedhas.
  6038 | D:5      | Noticed a hippogriff
  6052 | D:5      | Killed a hippogriff
  6276 | D:5      | Found a burning altar of Makhleb.
  6277 | D:5      | Found a sacrificial altar of Ru.
  6537 | D:5      | Reached skill level 4 in Ice Magic
  6688 | D:5      | Reached XP level 8. HP: 50/52 MP: 3/15
  6863 | D:5      | Reached skill level 5 in Spellcasting
  7351 | D:5      | Learned a level 4 spell: Summon Lightning Spire
  7377 | D:5      | Found a basalt altar of Yredelemnul.
  7472 | D:6      | Found a glowing drain.
  7496 | Sewer    | Entered a sewer
  7574 | Sewer    | Reached skill level 5 in Ice Magic
  7736 | Sewer    | Found a white marble altar of Elyvilon.
  8654 | D:6      | Reached skill level 7 in Summonings
  9281 | D:7      | Reached skill level 1 in Fighting
  9357 | D:7      | Found a staircase to the Ecumenical Temple.
  9374 | D:7      | Reached skill level 2 in Fighting
  9374 | D:7      | Reached XP level 9. HP: 29/62 MP: 7/17
  9590 | Temple   | Entered the Ecumenical Temple
  9871 | D:7      | Noticed an eight-headed hydra
  9901 | D:7      | Killed an eight-headed hydra
  9901 | D:7      | Reached skill level 5 in Fighting
 10837 | D:7      | Reached skill level 3 in Dodging
 10945 | D:7      | Reached skill level 4 in Dodging
 11104 | D:8      | Got an encrusted helmet
 11122 | D:7      | Identified the +1 helmet of the Comet {-Cast rN+ Slay+3 Stlth+} (You found it on level 8 of the Dungeon)
 11388 | D:8      | Found Sutaytty's Weapon Shop.
 11659 | D:8      | Reached skill level 5 in Dodging
 11942 | D:7      | Reached XP level 10. HP: 38/76 MP: 13/18
 12168 | D:8      | Reached skill level 6 in Dodging
 12398 | D:8      | Found an ancient bone altar of Kikubaaqudgha.
 12610 | D:8      | Found a radiant altar of Vehumet.
 12815 | D:8      | Reached skill level 7 in Dodging
 13111 | D:9      | Found a staircase to the Lair.
 13267 | D:9      | Reached skill level 6 in Fighting
 13416 | D:9      | Reached skill level 8 in Dodging
 13590 | D:9      | Found Hufutia's Antique Armour Emporium.
 13592 | D:9      | Found Kamymeam's Assorted Antiques.
 13601 | D:9      | Bought a scroll labeled YWNIRH QIGE for 28 gold pieces
 13601 | D:9      | Bought a scroll labeled HADDESOWOUF for 28 gold pieces
 13601 | D:9      | Bought a green potion for 25 gold pieces
 13611 | D:9      | Found Vesuywk's Armour Shop.
 14002 | D:9      | Noticed a centaur warrior
 14017 | D:9      | Killed a centaur warrior
 14017 | D:9      | Reached skill level 7 in Fighting
 14897 | D:9      | Reached skill level 8 in Fighting
 15072 | D:9      | Found Xyheocuo's Book Emporium.
 15118 | D:9      | Found Helexzur's Antique Weapon Shop.
 15411 | D:9      | Found a deep blue altar of Sif Muna.
 15415 | D:9      | Became a worshipper of Sif Muna the Loreminder
 15797 | D:9      | Found a sparkling altar of Nemelex Xobeh.
 16225 | D:9      | Bought a +2 cloak for 231 gold pieces
 16225 | D:9      | Bought a +1 pair of boots for 161 gold pieces
 16271 | D:9      | Quit the game

Vault maps used:
D:1:      minmay_arrival_three_doors
D:2:      okawaru_metal_pillars_1_2, makhleb_altar_promises_db
D:3:      uniq_jessica
D:4:      cheibriados_altar_wand_db, first_bread
D:5:      ashenzari_altar_1, nicolae_overflow_hidden_temple, st_stairs_2,
          minivault_19
D:6:      portal_sewer_entry_d
D:7:      kennysheep_big_flooded_room, temple_fountains, grunt_livestock
D:8:      kiku_gazebo_garden_becter, vehumet_altar_wand_db, serial_shops,
          shop_fountains, minmay_orc_keep
D:9:      nicolae_whirlpool, led_sif_book, nemelex_altar_shiori, serial_shops,
          nicolae_shop_trees, nicolae_shop_overgrown_old_shop, shop_statue,
          nicolae_shop_behind_doors, nicolae_shop_waterfront,
          minmay_misc_feat_diagonals, hex_tiny
Temple:   minmay_temple_bridge_a_8
Sewer:    sewer_kobolds

Vanquished Creatures
  A centaur warrior
  A hydra
  A kobold demonologist
  A troll
  A deep elf mage
  3 yaks
  5 hippogriffs
  2 hogs
  A human
  A hungry ghost
  4 orc warriors
  A water moccasin
  A black bear
  3 phantoms
  2 ice beasts
  6 ogres
  2 necrophages
  5 centaurs
  7 giant frogs
  A gnoll sergeant
  A big kobold
  2 scorpions
  13 killer bees
  7 wights
  4 crimson imps
  A centaur zombie
  A quasit
  9 orc priests
  A gnoll shaman
  13 orc wizards
  A giant frog skeleton
  9 hounds Jessica
  6 iguanas
  10 worker ants
  2 sheep
  A hound skeleton
  A worker ant zombie
  10 gnolls
  19 adders
  3 shadow imps
  An ooze
  2 adder zombies
  4 worms
  2 adder skeletons
  8 giant geckos
  41 orcs
  11 goblins
  9 hobgoblins
  13 jackals
  A quokka
  2 ball pythons
  6 bats
  5 giant cockroaches
  A giant gecko zombie
  7 giant newts
  A jackal skeleton
  11 kobolds
  A quokka skeleton
  11 rats
  2 plants
303 creatures vanquished.
